 Dungeon Crawl Stone Soup version 0.21-a0-94-gdd6ab6a (webtiles) character file.

32 sagitran the Magician (level 3, 0/26 HPs)
             Began as a Gnoll Wanderer on July 3, 2017.
             Slain by a hobgoblin (2 damage)
             ... on level 2 of the Dungeon.
             The game lasted 00:08:39 (858 turns).

sagitran the Magician (Gnoll Wanderer)               Turns: 858, Time: 00:08:39

Health: 0/26       AC:  2    Str: 16    XL:     3   Next: 27%
Magic:  9/10       EV: 12    Int: 10    God:
Gold:   63         SH:  0    Dex: 16    Spells: 11/13 levels left

rFire    . . .     SeeInvis .     - Unarmed
rCold    . . .     Gourm    .   (no shield)
rNeg     . . .     Faith    .   d - +0 robe
rPois    .         Spirit   .   (no helmet)
rElec    .         Reflect  .   (no cloak)
rCorr    .         Harm     .   (no gloves)
MR       .....                  (boots currently unavailable)
Stlth    +++.......             (no amulet)
HPRegen  0.08/turn              (no ring)
MPRegen  0.12/turn              (no ring)

@: mighty, appendage
A: short attention span, fangs 1, talons 3, strong nose
a: End Transformation


You were on level 2 of the Dungeon.
You were not hungry.
You had grown temporary talons.
You visited 1 branch of the dungeon, and saw 3 of its levels.

You collected 63 gold pieces.

Inventory:

Hand Weapons
 e - a +0 dagger
 i - a cursed -1 spear
 n - a +0 hunting sling
Missiles
 j - 25 stones (quivered)
Armour
 d - a +0 robe (worn)
Scrolls
 g - a scroll of identify
 o - a scroll of enchant armour {unknown}
Books
 b - Cishrajafi's Tome of Shape Shifting

   Spells                             Type                      Level
   a - Beastly Appendage              Transmutation                1
   b - Ignite Poison                  Fire/Transmutation/Poison    3
 c - the Compendium of Summoning

   Spells                             Type                      Level
   a - Summon Butterflies             Summoning                    1
   b - Call Canine Familiar           Summoning                    3
Comestibles
 f - 4 bread rations
 h - a fruit
 l - a royal jelly
 m - a meat ration


   Skills:
 + Level 1.2 Fighting
 + Level 1.7 Throwing
 + Level 1.6 Dodging
 + Level 4.8 Stealth
 + Level 2.7 Unarmed Combat
 + Level 5.8 Spellcasting
   Level 1.7 Necromancy
   Level 1.7 Translocations
 + Level 0.4 Transmutations


You had 11 spell levels left.
You knew the following spells:

 Your Spells              Type           Power        Failure   Level  Hunger
a - Summon Butterflies    Summ           #.......     22%         1    None
b - Beastly Appendage     Tmut           #.....       17%         1    None


Dungeon Overview and Level Annotations

Branches:
Dungeon (3/15)

Altars:
The Shining One


Innate Abilities, Weirdness & Mutations

You have a short attention span.
You have very sharp teeth.
Your uncanny sense of smell can sniff out nearby items.
You have claws for feet.


Message History

You hit the hobgoblin.
The hobgoblin is severely wounded.
The hobgoblin hits you but does no damage.
The hobgoblin barely misses you.
You punch the hobgoblin!
You kill the hobgoblin!
The hobgoblin hits you with a club.
* * * LOW HITPOINT WARNING * * *
The hobgoblin closely misses you.
You closely miss the hobgoblin. You bite the hobgoblin.
The hobgoblin is almost dead.
The hobgoblin hits you.
* * * LOW HITPOINT WARNING * * *
The hobgoblin barely misses you.
You barely miss the hobgoblin.
The hobgoblin is almost dead.
Casting: Beastly Appendage
Confirm with . or Enter, or press ? or * to list all spells.
Your feet morph into talons.
The hobgoblin hits you.
You die...

#..... #.....
#.....########
#.....#......#
#.....#......#
#.....#......#
##.....#g.....#
.......@)>....+
##.#+###g.....#
+......#
#......#
##.......
#.......#
##..⌠...#
......#


You could see 2 hobgoblins.

Vanquished Creatures
  An adder (D:3)
  5 goblins
  4 hobgoblins
  5 jackals
  3 bats (D:1)
  A frilled lizard (D:1)
  A kobold (D:3)
  2 rats
22 creatures vanquished.

Notes
Turn   | Place    | Note
-------+----------+-------------------------------------------
     0 | D:1      | sagitran the Gnoll Wanderer began the quest for the Orb.
     0 | D:1      | sagitran set off with: 2 potions of heal wounds, Cishrajafi's Tome of Shape Shifting, the Compendium of Summoning, a +0 robe, a +0 dagger, a bread ration
     0 | D:1      | Reached XP level 1. HP: 13/13 MP: 6/6
     0 | D:1      | Identified the Compendium of Summoning
     0 | D:1      | Identified Cishrajafi's Tome of Shape Shifting
     2 | D:1      | Learned a level 1 spell: Summon Butterflies
     4 | D:1      | Learned a level 1 spell: Beastly Appendage
   145 | D:1      | Reached XP level 2. HP: 9/20 MP: 6/8
   432 | D:1      | Reached skill level 1 in Fighting
   459 | D:1      | Found a glowing golden altar of the Shining One.
   730 | D:3      | Reached skill level 1 in Dodging
   749 | D:3      | Reached XP level 3. HP: 26/26 MP: 10/10
   810 | D:3      | HP: 1/26 [goblin/club (6)]
   858 | D:2      | Slain by a hobgoblin

Vault maps used:
D:1:      saegor_arrival_under_anarchy, tso_metal_star
D:2:      hangedman_feature_mirror, uniq_terence
D:3:      lemuel_doored_altar, lexackson_kobold_supper

Skill      XL: |  1  2 |
---------------+-------+-----
Fighting       | 1 |  1.2
Unarmed Combat | 2 |  2.7
Dodging        | 1 |  1.6
Throwing       | |  1.7
Stealth        | |  4.8
Spellcasting   | |  5.8
Necromancy     | |  1.7
Translocations | |  1.7
Transmutations | |  0.4

Action                   || total
-------------------------++-------
Melee: Unarmed           ||    69
       Kick              ||     4
       Bite              ||     7
 Cast: Beastly Appendage ||     4
  Use: Potion            ||     9
       Scroll            ||     5
 Stab: Sleeping          ||     2
Armor: Robe              ||    33
       Skin              ||     2
Dodge: Dodged            ||    90
